 Dungeon Crawl Stone Soup version 0.30-a0-393-g54b8e3be05 (webtiles) character file.

Game seed: 16917472514056150776

93 Shayle the Conjurer (level 4, -7/35 HPs)
             Began as a Demonspawn Reaver on Dec 5, 2022.
             Splashed by a jelly's acid (12 damage)
             ... on level 2 of the Dungeon.
             The game lasted 00:08:13 (1959 turns).

Shayle the Conjurer (Demonspawn Reaver)             Turns: 1959, Time: 00:08:14

Health: -7/35      AC:  6    Str: 12    XL:     4   Next: 37%
Magic:  16/16      EV: 11    Int: 17    God:
Gold:   59         SH:  0    Dex: 11    Spells: 3/7 levels left

rFire   . . .      SeeInvis .    k - +2 short sword (venom)
rCold   . . .      Faith    .    (no shield)
rNeg    + . .      Spirit   .    b - +0 leather armour
rPois   .          Reflect  .    (no helmet)
rElec   .          Harm     .    (no cloak)
rCorr   .          Rampage  .    (no gloves)
Will    .....                    c - +0 pair of boots
Stlth   ++........               (no amulet)
HPRegen 0.25/turn                g - ring of positive energy
MPRegen 0.15/turn                f - ring of magical power

@: corroded, sanguine armoured
A: sanguine armour 1
a: no special abilities


You were on level 2 of the Dungeon.
You visited 1 branch of the dungeon, and saw 2 of its levels.

You collected 59 gold pieces.

Inventory:

Hand Weapons
 a - a +0 hand axe
 k - a +2 short sword of venom (weapon)
Armour
 b - a +0 leather armour (worn)
 c - a +0 pair of boots (worn)
Jewellery
 f - a ring of magical power (right hand)
 g - a ring of positive energy (left hand)
Scrolls
 e - a scroll of brand weapon {unknown}
 i - a scroll of teleportation {unknown}
Potions
 d - a potion of degeneration {unknown}
 h - a potion of heal wounds {unknown}
 j - a potion of curing {unknown}


   Skills:
 + Level 3.0 Fighting
 - Level 2.6 Axes
 + Level 1.8 Armour
 - Level 1.7 Dodging
 + Level 2.0 Stealth
 - Level 2.0 Spellcasting
 + Level 3.1 Conjurations
 + Level 0.4 Ice Magic


You had 3 spell levels left.
You knew the following spells:

 Your Spells              Type           Power      Damage    Failure   Level
a - Kiss of Death         Conj/Necr      28%        2d7       13%         1
b - Hailstorm             Conj/Ice       7%         3d4       34%         3

Your spell library contained the following spells:

 Spells                   Type           Power      Damage    Failure   Level
 Momentum Strike          Conj/Tloc      14%        3d8       19%         2
 Necrotise                Necr           4%         1d4       24%         1
 Cigotuvi's Dreadful Rot  Necr/Pois/Air  2%         N/A       36%         2
 Poisonous Vapours        Pois/Air       2%         N/A       36%         2
 Mephitic Cloud           Conj/Pois/Air  5%         N/A       43%         3
 Vampiric Draining        Necr           1%         2d6       58%         3
 Agony                    Necr           1%         N/A       100%        5


Dungeon Overview and Level Annotations

Branches:
Dungeon (2/15)

Altars:


Innate Abilities, Weirdness & Mutations

When seriously injured, your blood forms armour. (AC +6)


Message History

You kill the endoplasm!
You hit the endoplasm.
The endoplasm is poisoned.
The endoplasm is severely wounded.
You kill the endoplasm!
You hit the endoplasm but do no damage. The endoplasm freezes you.
You are frozen.
You hit the endoplasm but do no damage. The endoplasm freezes you.
You are frozen.
You hit the endoplasm.
The endoplasm is severely wounded.
The endoplasm misses you.
You hit the endoplasm.
You kill the endoplasm!
You hit the jelly.
The jelly is poisoned.
The acid corrodes you!
Your hands burn!
The jelly is moderately wounded.
The jelly misses you.
You hit the jelly.
Your hands burn!
The jelly is moderately wounded.
The jelly hits you.
You are splashed with acid!
Your blood congeals into armour.
You hit the jelly.
Your hands burn!
The jelly is heavily wounded.
The jelly barely misses you.
You hit the jelly but do no damage.
Your hands burn!
The jelly is severely wounded.
The jelly hits you but does no damage.
You hit the jelly.
Your hands burn!
* * * LOW HITPOINT WARNING * * *
The jelly is severely wounded.
The jelly barely misses you.
You hit the jelly.
Your hands burn!
* * * LOW HITPOINT WARNING * * *
The jelly is almost dead.
The jelly hits you.
* * * LOW HITPOINT WARNING * * *
You are splashed with acid!
You die...

...#........# ##
............############# #.
#####...................########.
#######################...)).....
....# ### ######..... ....#
#)....J##.####### #..... ....#
#PP....#.#.#....####..... ....#
#÷.....#.#.#.....##...... ....#
#...÷P.#@#'#......'...... ....#
#..JJ.J#J#..(.....'......
....#####÷.P.PJ#J#........'.#####
....÷..##....÷.#.#.......##.#
....##.##..P÷..'##......#####
.†####.##÷÷.J..########## ..#
#.######### ##############
..####'#############.............
..##.................####........


You could see a jelly (very poisoned) and an endoplasm.

Vanquished Creatures
  3 adders (D:2)
  A worm (D:2)
  5 bats
  9 endoplasms
  3 giant cockroaches
  2 goblins (D:1)
  4 hobgoblins
  4 jackals
  4 quokkas
  5 ball pythons
  3 frilled lizards
  12 kobolds
  4 rats
59 creatures vanquished.

Vanquished Creatures (others)
  2 fungi (D:2)
  9 toadstools (D:2)
11 creatures vanquished.

Grand Total: 70 creatures vanquished

Notes
Turn   | Place    | Note
-------+----------+-------------------------------------------
     0 | D:1      | Shayle the Demonspawn Reaver began the quest for the Orb.
     0 | D:1      | Reached XP level 1. HP: 16/16 MP: 3/3
   249 | D:1      | Gained mutation: When seriously injured, your blood forms
                  | armour. (AC +6) [demonic ancestry]
   249 | D:1      | Reached XP level 2. HP: 22/22 MP: 5/5
   326 | D:1      | Reached skill level 1 in Stealth
   516 | D:1      | Reached skill level 1 in Armour
   859 | D:1      | Reached XP level 3. HP: 28/28 MP: 6/6
  1441 | D:2      | Learned a level 3 spell: Hailstorm
  1618 | D:2      | Reached XP level 4. HP: 25/34 MP: 7/7
  1959 | D:2      | Splashed by a jelly's acid

Illustrated notes

Levels and vault maps discovered:
D:1:      nicolae_arrival_memento_mori, layout_loops_corners,
          chequers_hall_statues_wall_a
D:2:      cheibrodos_fertilizer, layout_basic

Skill      XL: |  1  2  3  4 |
---------------+-------------+-----
Stealth        | 1 2 |  2.0
Armour         | 1 |  1.8
Fighting       | 3 |  3.0
Axes           | |  2.6
Dodging        | |  1.7
Spellcasting   | |  2.0
Conjurations   | |  3.1
Ice Magic      | |  0.4

Action                   |  1- 3 |  4- 6 || total
-------------------------+-------+-------++-------
Melee: Hand axe          |   138 |    43 ||   181
       Short sword       |       |    17 ||    17
 Cast: Kiss of Death     |     1 |       ||     1
 Stab: Sleeping          |     3 |       ||     3
Armor: Leather armour    |    41 |    18 ||    59
Dodge: Dodged            |    79 |    36 ||   115

Table legend: (Time is in decaauts)
 A = Elapsed time spent in this place.
 B = Non-inter-level travel time spent in this place.
 C = Inter-level travel time spent in this place.
 D = Time resting spent in this place.
 E = Time spent auto-exploring this place.
 F = Levels seen in this place.
 G = Mean time per level.
                   A        B        C        D        E       F      G
               +--------+--------+--------+--------+--------+-----+--------+
         Total |   1988 |   1964 |     24 |    190 |   1180 |   2 |  994.0 |
       Dungeon |   1988 |   1964 |     24 |    190 |   1180 |   2 |  994.0 |
               +--------+--------+--------+--------+--------+-----+--------+

Top non-repeatable levels by time:
     D:2: 1002 daAuts
     D:1: 985 daAuts
